[Event "November 21 Late 2023"]
[Site "https://www.chess.com"]
[Date "2023.11.21"]
[Round "5"]
[White "Ferreira, Vitor Hugo Vieira"]
[Black "PapaieDudu"]
[Result "0-1"]
[Board "84"]
[TimeControl "180+1"]
[WhiteFideId "2119765"]
[WhiteElo "2123"]
[BlackElo "2380"]
[WhiteTeam "BRA"]
[WhiteClock "0:00:20"]
[BlackClock "0:00:27"]

1. d4 d5 2. c4 e6 3. Nf3 Nf6 4. Nc3 a6 5. c5 b6 6. cxb6 c5 7. e3 Nbd7 8. Bd3 Bd6 9. O-O O-O 10. e4 cxd4 11. Nxd4 Qxb6 12. Be3 Qc7 13. Rc1 Bxh2+ 14. Kh1 Qd6 15. g3 Bxg3 16. fxg3 Qxg3 17. Qf3 Qh4+ 18. Kg2 Ne5 19. Bf2 Nxf3 20. Bxh4 Nxh4+ 21. Kg3 dxe4 22. Nxe4 Nxe4+ 23. Bxe4 Rb8 24. Kxh4 Rb4 25. Rfd1 e5 26. a3 Rxd4 27. Rxd4 exd4 28. Rc7 Re8 29. Kg3 g5 30. Bc6 Re3+ 31. Kf2 Be6 32. Bb7 g4 33. Bxa6 g3+ 34. Kf1 Bh3+ 35. Kg1 Re1+ 0-1

[Event "November 21 Late 2023"]
[Site "https://www.chess.com"]
[Date "2023.11.21"]
[Round "5"]
[White "Prithu Gupta"]
[Black "Todorovic, Bojan"]
[Result "1-0"]
[Board "85"]
[TimeControl "180+1"]
[WhiteFideId "46618546"]
[BlackFideId "917087"]
[WhiteElo "2344"]
[BlackElo "2266"]
[WhiteTeam "IND"]
[BlackTeam "SRB"]
[WhiteClock "0:00:07"]
[BlackClock "0:00:04"]

1. d4 g6 2. Nf3 Bg7 3. c4 d6 4. Nc3 Bg4 5. Qb3 Bxf3 6. gxf3 Qc8 7. e3 Nd7 8. h4 Ngf6 9. Bh3 e6 10. e4 O-O 11. Be3 c5 12. Ke2 cxd4 13. Bxd4 Ne5 14. Bxe5 dxe5 15. Nd5 Qc5 16. Nxf6+ Bxf6 17. h5 Rac8 18. hxg6 hxg6 19. Rac1 Bg5 20. Rc2 Rfd8 21. f4 Bxf4 22. Bxe6 fxe6 23. Qh3 Rd2+ 24. Rxd2 Qxc4+ 25. Kf3 Kg7 26. Qh7+ Kf6 27. Rd7 Qc2 28. Qe7# 1-0

[Event "November 21 Late 2023"]
[Site "https://www.chess.com"]
[Date "2023.11.21"]
[Round "5"]
[White "Leschinsky, Gary"]
[Black "Tifferet, Shaked"]
[Result "1-0"]
[Board "86"]
[TimeControl "180+1"]
[WhiteFideId "30951321"]
[BlackFideId "2811529"]
[WhiteElo "2020"]
[BlackElo "2142"]
[WhiteTeam "USA"]
[BlackTeam "ISR"]
[WhiteClock "0:00:36"]
[BlackClock "0:00:02"]

1. d4 Nf6 2. c4 e6 3. Nc3 Bb4 4. e3 O-O 5. Bd2 d5 6. Nf3 Nbd7 7. cxd5 exd5 8. Bd3 Re8 9. O-O c6 10. Qc2 h6 11. Rfe1 Nb6 12. a3 Bxc3 13. Bxc3 Ne4 14. h3 Bf5 15. Nd2 Qh4 16. f3 Qf2+ 17. Kh2 Qg3+ 18. Kg1 Bxh3 19. Nf1 Qg5 20. fxe4 dxe4 21. Bxe4 Nd5 22. Bf3 Nxe3 23. Nxe3 Rxe3 24. Rxe3 Qxe3+ 25. Qf2 Qxf2+ 26. Kxf2 Be6 27. Re1 Rd8 28. b4 a6 29. a4 Kf8 30. Rb1 Bc4 31. Be2 Bxe2 32. Kxe2 Rd5 33. Kd3 f5 34. Kc4 b5+ 35. axb5 axb5+ 36. Kd3 Kf7 37. Re1 g6 38. Re5 Rd7 39. Rc5 Rd6 40. d5 Rxd5+ 41. Rxd5 cxd5 42. Kd4 f4 43. Kxd5 g5 44. Kc5 g4 45. Kxb5 g3 46. Kc4 h5 47. Be5 f3 48. Bxg3 fxg2 49. Bf2 h4 50. Bg1 Ke6 51. Kc5 Kf5 52. b5 Kg4 53. b6 h3 54. b7 h2 55. Bxh2 g1=Q+ 56. Bxg1 1-0

[Event "November 21 Late 2023"]
[Site "https://www.chess.com"]
[Date "2023.11.21"]
[Round "5"]
[White "Ward, Ieuan C"]
[Black "ciutadella"]
[Result "0-1"]
[Board "87"]
[TimeControl "180+1"]
[WhiteFideId "406627"]
[WhiteElo "2369"]
[BlackElo "2529"]
[WhiteTeam "ENG"]
[WhiteClock "0:00:00"]
[BlackClock "0:00:58"]

1. e4 c5 2. Nf3 Nc6 3. d4 cxd4 4. c3 Nf6 5. e5 Nd5 6. cxd4 d6 7. Bc4 Nb6 8. Bb3 d5 9. h3 Bf5 10. O-O e6 11. a3 Be7 12. Nc3 Rc8 13. Be3 Na5 14. Bc2 Bxc2 15. Qxc2 O-O 16. b3 Qc7 17. Rfc1 Qd7 18. Qb2 Rc7 19. Ne2 Rfc8 20. Rxc7 Rxc7 21. Rc1 Rxc1+ 22. Nxc1 Qb5 23. Nd2 h6 24. Qa2 Qc6 25. Qb2 Qb5 26. Qa2 Nc6 27. a4 Qb4 28. Nf3 Qa3 29. Qxa3 Bxa3 30. Nd3 Na5 31. Nc5 Bxc5 32. dxc5 Nd7 33. b4 Nc6 34. b5 Ncxe5 35. Nxe5 Nxe5 36. c6 bxc6 37. Bxa7 cxb5 38. axb5 Nc4 39. Bc5 Na5 40. b6 Nb7 41. Bd4 f6 42. f4 Kf7 43. Kf2 Ke7 44. g4 Kd6 45. Ke3 e5 46. fxe5+ fxe5 47. Bb2 Na5 48. Kd3 Nc4 49. Bc3 Nxb6 50. Bb4+ Ke6 0-1

[Event "November 21 Late 2023"]
[Site "https://www.chess.com"]
[Date "2023.11.21"]
[Round "5"]
[White "Baches Garcia, Guillermo"]
[Black "Romero Ruscalleda, Josep"]
[Result "1-0"]
[Board "88"]
[TimeControl "180+1"]
[WhiteFideId "2209764"]
[BlackFideId "2231859"]
[WhiteElo "2528"]
[BlackElo "2183"]
[WhiteTeam "ESP"]
[BlackTeam "ESP"]
[WhiteClock "0:01:10"]
[BlackClock "0:01:01"]

1. d4 g6 2. Nf3 Bg7 3. Bg5 d6 4. Nbd2 Nd7 5. e3 c5 6. c3 b6 7. Be2 Bb7 8. O-O Ngf6 9. h3 O-O 10. a4 Ne4 11. Nxe4 Bxe4 12. b4 Rc8 13. Qb3 Nf6 14. Rfc1 Qd7 15. Nd2 Bb7 16. a5 Ne4 17. Nxe4 Bxe4 18. Bf1 h6 19. Bh4 cxb4 20. cxb4 g5 21. Bg3 Rxc1 22. Rxc1 Rc8 23. Rxc8+ Qxc8 24. Bc4 Bg6 25. Kh2 Kf8 26. axb6 axb6 27. b5 Qc7 28. Qa4 h5 29. Qa8+ 1-0

[Event "November 21 Late 2023"]
[Site "https://www.chess.com"]
[Date "2023.11.21"]
[Round "5"]
[White "Eggleston, Thomas A"]
[Black "Tologon tegin, Semetei"]
[Result "0-1"]
[Board "89"]
[TimeControl "180+1"]
[WhiteFideId "412139"]
[BlackFideId "13800574"]
[WhiteElo "2169"]
[BlackElo "2258"]
[WhiteTeam "ENG"]
[BlackTeam "KGZ"]
[WhiteClock "0:00:48"]
[BlackClock "0:01:29"]

1. e4 e5 2. Nf3 Nc6 3. d4 exd4 4. Nxd4 Bc5 5. Nxc6 Qf6 6. Qd2 dxc6 7. Nc3 Ne7 8. Na4 Bd6 9. f4 Ng6 10. g3 O-O 11. Bd3 Bh3 12. e5 Nxe5 13. fxe5 Qxe5+ 14. Qe3 Qa5+ 15. Nc3 Rae8 16. Be4 f5 17. Bd2 fxe4 18. O-O-O Rf3 19. Qg5 Qxg5 20. Bxg5 h6 21. Bf4 Bxf4+ 22. gxf4 Rxf4 23. Rde1 e3 24. Rhg1 Rf2 25. Rg3 Bf5 26. Kb1 Bxc2+ 27. Ka1 e2 28. Rgg1 Bd3 0-1

[Event "November 21 Late 2023"]
[Site "https://www.chess.com"]
[Date "2023.11.21"]
[Round "5"]
[White "The_Straightforward_Rook"]
[Black "Maect19"]
[Result "1/2-1/2"]
[Board "90"]
[TimeControl "180+1"]
[WhiteElo "2521"]
[BlackElo "2348"]
[WhiteClock "0:01:04"]
[BlackClock "0:00:19"]

1. e4 e5 2. Nf3 Nc6 3. Bc4 Nf6 4. d3 Be7 5. Nc3 d6 6. a4 O-O 7. Bg5 a6 8. O-O Bg4 9. h3 Bh5 10. Bxf6 Bxf6 11. Nd5 Nd4 12. g4 Nxf3+ 13. Qxf3 Bg6 14. Nxf6+ Qxf6 15. Qxf6 gxf6 16. f4 exf4 17. Rxf4 b5 18. Bd5 Rab8 19. axb5 axb5 20. Rxf6 Kg7 21. Rf2 h5 22. g5 h4 23. Rf4 Rh8 24. Kf2 Rh5 25. Rg1 Rb6 26. Ke3 c6 27. Bb3 Rb7 28. Rgg4 Re7 29. Rxh4 Rxg5 30. Rhg4 Rxg4 31. Rxg4 d5 32. Kd4 dxe4 33. dxe4 Kf6 34. Rf4+ Kg5 35. Rg4+ Kf6 36. c3 Rd7+ 37. Kc5 Rd2 38. Kxc6 Rxb2 39. Bd5 b4 40. c4 Rc2 41. Rg3 Rc3 42. Rg2 b3 43. Rb2 Rxh3 44. c5 Ke5 45. Rxb3 Rxb3 46. Bxb3 Bxe4+ 47. Kd7 f5 48. c6 Bxc6+ 49. Kxc6 f4 50. Bd1 f3 51. Bxf3 1/2-1/2

[Event "November 21 Late 2023"]
[Site "https://www.chess.com"]
[Date "2023.11.21"]
[Round "5"]
[White "Zampronha, Wladimir Camilo"]
[Black "Toniutti, Ezio"]
[Result "1-0"]
[Board "91"]
[TimeControl "180+1"]
[WhiteFideId "2103087"]
[BlackFideId "113034"]
[WhiteElo "2055"]
[BlackElo "2215"]
[WhiteTeam "BRA"]
[BlackTeam "ARG"]
[WhiteClock "0:00:01"]
[BlackClock "0:00:00"]

1. e4 e5 2. Nf3 Nc6 3. d4 exd4 4. Nxd4 Bc5 5. Be3 Qf6 6. c3 Nge7 7. Bc4 O-O 8. O-O b6 9. Nxc6 Qxc6 10. Bxc5 Qxc5 11. Qd4 Bb7 12. Qxc5 bxc5 13. f3 d6 14. Nd2 Rfe8 15. Rfe1 a5 16. Kf2 Rab8 17. Bb5 Bc6 18. Bxc6 Nxc6 19. b3 Ne5 20. Red1 a4 21. Rab1 g5 22. Nc4 axb3 23. Nxe5 bxa2 24. Ra1 Rb2+ 25. Ke1 Rxe5 26. Rd2 Rb1+ 27. Rd1 f5 28. Rxa2 Rxd1+ 29. Kxd1 fxe4 30. Ra7 exf3 31. gxf3 Re3 32. Rxc7 Rxc3 33. Rd7 Rd3+ 34. Ke2 c4 35. h3 d5 36. Kf2 h6 37. Kg3 c3 38. Rc7 d4 39. Kg4 Re3 40. Rc4 d3 41. Rxc3 d2 42. Rc8+ Kg7 43. Rd8 Re2 44. f4 gxf4 45. Kf3 Rh2 46. Kxf4 Kg6 47. Kg3 Re2 48. Rd5 Kf6 49. Kf3 Rh2 50. Kg3 Ke6 51. Rd8 Ke7 52. Rd3 1-0

[Event "November 21 Late 2023"]
[Site "https://www.chess.com"]
[Date "2023.11.21"]
[Round "5"]
[White "Cooper, Aaron"]
[Black "Cristi_Coca"]
[Result "0-1"]
[Board "92"]
[TimeControl "180+1"]
[WhiteFideId "2634945"]
[WhiteElo "2342"]
[BlackElo "2510"]
[WhiteTeam "CAN"]
[WhiteClock "0:00:35"]
[BlackClock "0:01:58"]

1. e4 c5 2. Nf3 e6 3. d4 cxd4 4. Nxd4 a6 5. Nc3 b5 6. Bd3 Bb7 7. O-O Qc7 8. f4 Nc6 9. Nxc6 Qxc6 10. Be3 Nf6 11. Qe2 b4 12. Nd5 Nxd5 13. exd5 Qxd5 14. Bc4 Qc6 15. Rad1 Bc5 16. Bxc5 Qxc5+ 17. Kh1 O-O 18. Bd3 f5 19. Rc1 Qd5 20. Bc4 Qc6 21. c3 bxc3 22. Rxc3 Qe4 23. Qd1 Qxg2# 0-1

[Event "November 21 Late 2023"]
[Site "https://www.chess.com"]
[Date "2023.11.21"]
[Round "5"]
[White "Silvestre, Christian"]
[Black "Horak, Martin"]
[Result "0-1"]
[Board "93"]
[TimeControl "180+1"]
[WhiteFideId "30956269"]
[BlackFideId "367095"]
[WhiteElo "2335"]
[BlackElo "2091"]
[WhiteTeam "USA"]
[BlackTeam "CZE"]
[WhiteClock "0:00:00"]
[BlackClock "0:00:42"]

1. e4 c5 2. c3 d5 3. exd5 Qxd5 4. d4 g6 5. Nf3 Bg7 6. Be2 cxd4 7. O-O Nc6 8. Be3 Nf6 9. cxd4 O-O 10. Nc3 Qa5 11. Qb3 Be6 12. Qxb7 Nb4 13. Qb5 Qxb5 14. Nxb5 Rfc8 15. a3 Nc2 16. Rac1 Nxe3 17. fxe3 Bh6 18. Rxc8+ Rxc8 19. Nxa7 Bxe3+ 20. Kh1 Rc2 21. Bd3 Rxb2 22. Nc6 Ng4 0-1

[Event "November 21 Late 2023"]
[Site "https://www.chess.com"]
[Date "2023.11.21"]
[Round "5"]
[White "gpsji27"]
[Black "Bilan, Danila"]
[Result "1-0"]
[Board "94"]
[TimeControl "180+1"]
[BlackFideId "24161918"]
[WhiteElo "2329"]
[BlackElo "2146"]
[BlackTeam "RUS"]
[WhiteClock "0:00:16"]
[BlackClock "0:00:01"]

1. d4 d5 2. Nf3 Nf6 3. c4 c6 4. Nc3 e6 5. Bg5 Nbd7 6. e3 Qa5 7. Nd2 Bb4 8. Qc2 Ne4 9. Ndxe4 dxe4 10. Bf4 O-O 11. Be2 f6 12. O-O e5 13. dxe5 Nxe5 14. Nxe4 Bf5 15. f3 Ng6 16. Bg3 Rfe8 17. Bd3 Bxe4 18. Bxe4 Qg5 19. Bxg6 hxg6 20. Bf2 Rad8 21. Rad1 Bc5 22. e4 Bxf2+ 23. Qxf2 b6 24. h3 Qa5 25. b3 Qa3 26. Qc2 Qc5+ 27. Kh1 Qa5 28. e5 Qxe5 29. Qxg6 c5 30. f4 Qe7 31. Rd5 Qf7 32. Qf5 Rxd5 33. cxd5 Rd8 34. Rd1 Rd6 35. Qe4 Qd7 36. f5 b5 37. Kh2 Kf7 38. Qf3 Qc7 39. Qh5+ Kg8 40. Kh1 Qd7 41. Qf3 c4 42. bxc4 bxc4 43. Qe4 c3 44. Qc4 c2 45. Qxc2 Rxd5 46. Qb3 Qxf5 47. Qxd5+ 1-0

[Event "November 21 Late 2023"]
[Site "https://www.chess.com"]
[Date "2023.11.21"]
[Round "5"]
[White "Musovic, Armin"]
[Black "OKEKE, Isaac Chukwudalu"]
[Result "1-0"]
[Board "95"]
[TimeControl "180+1"]
[WhiteFideId "939935"]
[BlackFideId "8508526"]
[WhiteElo "2322"]
[BlackElo "2161"]
[WhiteTeam "MNE"]
[BlackTeam "NGR"]
[WhiteClock "0:00:40"]
[BlackClock "0:00:00"]

1. a3 d5 2. Nc3 e6 3. e4 d4 4. Nce2 c5 5. Ng3 Nc6 6. Bb5 Bd6 7. Bxc6+ bxc6 8. d3 Qc7 9. Qg4 Ne7 10. Qxg7 Be5 11. Bf4 Bxg7 12. Bxc7 Kd7 13. Ba5 Ng6 14. Nh3 Kd6 15. f4 f5 16. O-O Rf8 17. Rae1 Ba6 18. exf5 exf5 19. Ng5 Bh6 20. Nxh7 Rf7 21. Ng5 Bxg5 22. fxg5 Raf8 23. Nh5 c4 24. dxc4 Bxc4 25. Rf2 Bd5 26. Nf6 f4 27. c3 dxc3 28. Bxc3 Rd8 29. Rd1 Ke6 30. Rfd2 Nh4 31. Re1+ Kf5 32. Re5+ Kg6 33. Nxd5 cxd5 34. Rexd5 Rxd5 35. Rxd5 Re7 36. Rd6+ Kf5 37. Kf2 Re4 38. Ra6 f3 39. gxf3 Rf4 40. Rf6+ 1-0

[Event "November 21 Late 2023"]
[Site "https://www.chess.com"]
[Date "2023.11.21"]
[Round "5"]
[White "Kovacsy, Barnabas"]
[Black "Liu, Leonardo"]
[Result "1-0"]
[Board "96"]
[TimeControl "180+1"]
[WhiteFideId "769290"]
[BlackFideId "30965780"]
[WhiteElo "2130"]
[BlackElo "2279"]
[WhiteTeam "HUN"]
[BlackTeam "USA"]
[WhiteClock "0:01:08"]
[BlackClock "0:00:41"]

1. e4 c5 2. Nf3 g6 3. d4 cxd4 4. Nxd4 Bg7 5. c4 Nc6 6. Be3 Nf6 7. Nc3 O-O 8. Be2 Nxd4 9. Bxd4 d6 10. O-O Bd7 11. Qd2 Bc6 12. f3 Nd7 13. Bf2 a5 14. b3 Nc5 15. Rab1 Be5 16. a3 e6 17. b4 axb4 18. axb4 Na4 19. Nxa4 Rxa4 20. Rfd1 Qf6 21. Bd4 Rfa8 22. Bxe5 dxe5 23. b5 Be8 24. c5 Ra2 25. Rb2 Ra1 26. g3 Qe7 27. Qc3 R1a3 28. Qxe5 f6 29. Qd6 Qxd6 30. cxd6 Bd7 31. Rc2 Ra2 32. Rdc1 e5 33. Bc4+ Kg7 34. Bxa2 Bxb5 35. Be6 Ra6 36. d7 Rd6 37. Kf2 Bxd7 38. Bxd7 Rxd7 39. Rc7 Rxc7 40. Rxc7+ Kh6 41. Rxb7 f5 42. exf5 gxf5 43. g4 Kg5 44. gxf5 Kxf5 45. Rxh7 e4 46. Rh4 exf3 47. Kxf3 Kg5 48. Ra4 Kh5 49. h4 Kh6 50. Kg4 Kg6 51. h5+ Kh6 52. Ra6+ Kg7 53. Kg5 Kh7 54. h6 Kg8 55. Kg6 Kf8 56. Ra7 Ke8 57. h7 Kd8 58. Kf6 Kc8 59. Rg7 1-0

[Event "November 21 Late 2023"]
[Site "https://www.chess.com"]
[Date "2023.11.21"]
[Round "5"]
[White "Rodriguez Dominguez, Melissa"]
[Black "Serban, Cristian-Stefan"]
[Result "1-0"]
[Board "97"]
[TimeControl "180+1"]
[WhiteFideId "3517560"]
[BlackFideId "1241443"]
[WhiteElo "2012"]
[BlackElo "2028"]
[WhiteTeam "CUB"]
[BlackTeam "ROU"]
[WhiteClock "0:00:09"]
[BlackClock "0:00:02"]

1. e4 g6 2. d4 Bg7 3. Be3 d6 4. Qd2 a6 5. Nf3 b5 6. a4 bxa4 7. Rxa4 Bb7 8. Nc3 Nd7 9. Bd3 Ngf6 10. e5 dxe5 11. dxe5 Ng4 12. Rxg4 Bxf3 13. gxf3 Nxe5 14. Rg3 h5 15. h4 Rb8 16. Bxa6 Rxb2 17. Qxd8+ Kxd8 18. Kd2 c6 19. Rd1 Kc7 20. Kc1 Rbb8 21. Ne4 Ra8 22. Nc5 Rhd8 23. Rxd8 Kxd8 24. Be2 Ra1+ 25. Kd2 Rh1 26. f4 Nd7 27. Nxd7 Kxd7 28. f5 Rxh4 29. fxg6 fxg6 30. Rxg6 Be5 31. Rh6 Bd6 32. Bxh5 Ra4 33. f3 Bb4+ 34. c3 Ra2+ 35. Kd3 Bd6 36. Bf7 Ra1 37. Be6+ Kc7 38. Rh8 Rf1 39. Rf8 Rd1+ 40. Ke2 Ra1 41. f4 Ra3 42. Kd3 Bb4 43. Bd4 Bd6 44. f5 Ra1 45. Rf7 Kd8 46. Rf8+ Kc7 47. f6 exf6 48. Rxf6 Re1 49. Rf7+ Kb8 50. Bc4 Rh1 51. Bb6 Rh3+ 52. Kc2 Be5 53. Ba6 Rxc3+ 54. Kd2 1-0

[Event "November 21 Late 2023"]
[Site "https://www.chess.com"]
[Date "2023.11.21"]
[Round "5"]
[White "Silva Lucena, Cristian"]
[Black "seasidesunset"]
[Result "1-0"]
[Board "98"]
[TimeControl "180+1"]
[WhiteFideId "2232588"]
[WhiteElo "2248"]
[BlackElo "2197"]
[WhiteTeam "ESP"]
[WhiteClock "0:01:35"]
[BlackClock "0:00:05"]

1. e4 c5 2. Nf3 d6 3. d4 cxd4 4. Nxd4 Nf6 5. Nc3 a6 6. Bg5 e6 7. f4 h6 8. Bh4 Qb6 9. Bxf6 gxf6 10. Qd2 Nc6 11. Nb3 Bd7 12. Be2 h5 13. O-O-O O-O-O 14. Kb1 Kb8 15. Rhf1 Bh6 16. g3 h4 17. a3 Bc8 18. Qe1 Na5 19. Nxa5 Qxa5 20. gxh4 Bg7 21. f5 d5 22. Qg3+ Qc7 23. Qxg7 d4 24. Na2 Qxh2 25. Bd3 Qxh4 26. Qxf7 e5 27. Rg1 Rd7 28. Qb3 Rc7 29. Nb4 Qh6 30. Nxa6+ Ka7 31. Nxc7 Qh7 32. Nb5+ Kb8 33. Nd6 Qc7 34. Nxc8 Rxc8 35. Rg6 Qe7 36. Rdg1 Rh8 37. Rg8+ Rxg8 38. Rxg8+ Ka7 39. Qa4+ Kb6 40. Qb4+ Ka7 41. Qxe7 Kb6 42. Qxb7+ Ka5 43. Qb5# 1-0

[Event "November 21 Late 2023"]
[Site "https://www.chess.com"]
[Date "2023.11.21"]
[Round "5"]
[White "DraningWaterHi"]
[Black "Ventura Bolet, Maxim"]
[Result "0-1"]
[Board "99"]
[TimeControl "180+1"]
[BlackFideId "22238824"]
[WhiteElo "2141"]
[BlackElo "2227"]
[BlackTeam "ESP"]
[WhiteClock "0:01:58"]
[BlackClock "0:02:05"]

1. d4 Nf6 2. c4 d6 3. Nf3 g6 4. g3 Bg7 5. Bg2 O-O 6. O-O Nbd7 7. Nc3 e5 8. e4 exd4 9. Nxd4 Nc5 10. Re1 Re8 11. Bf4 Bd7 12. Ndb5 a6 13. Nxc7 Qxc7 14. Bxd6 Qc8 15. e5 Ng4 16. Bxc5 Qxc5 17. Qxd7 Qxf2+ 18. Kh1 Qxb2 19. Ne4 Nxe5 20. Rab1 Nxd7 0-1

[Event "November 21 Late 2023"]
[Site "https://www.chess.com"]
[Date "2023.11.21"]
[Round "5"]
[White "BM223344"]
[Black "Yushko, Olga"]
[Result "0-1"]
[Board "100"]
[TimeControl "180+1"]
[BlackFideId "14114500"]
[WhiteElo "2495"]
[BlackElo "2028"]
[BlackTeam "UKR"]
[WhiteClock "0:01:06"]
[BlackClock "0:01:08"]

1. d4 e6 2. Nf3 f5 3. g3 Nf6 4. c4 d6 5. Bg2 Be7 6. O-O O-O 7. Nc3 Qe8 8. Qc2 Qg6 9. Nh4 Qh5 10. h3 g5 11. Nf3 g4 12. hxg4 Nxg4 13. Nh4 f4 14. Ne4 Bxh4 15. gxh4 Qxh4 16. Re1 Nc6 17. Qd3 Qh2+ 18. Kf1 Nb4 19. Qb3 e5 20. Qxb4 Ne3+ 21. Bxe3 fxe3 22. Qc3 Bh3 23. Bxh3 Qh1# 0-1

[Event "November 21 Late 2023"]
[Site "https://www.chess.com"]
[Date "2023.11.21"]
[Round "5"]
[White "Ivanov, Aleksandr"]
[Black "Nikologorsky, Matfei"]
[Result "0-1"]
[Board "101"]
[TimeControl "180+1"]
[WhiteFideId "2092980"]
[BlackFideId "24102474"]
[WhiteElo "2085"]
[BlackElo "2153"]
[WhiteTeam "USA"]
[BlackTeam "FID"]
[WhiteClock "0:01:03"]
[BlackClock "0:01:42"]

1. d4 Nf6 2. c4 e6 3. Nc3 Bb4 4. e3 O-O 5. Bd3 d5 6. Ne2 c5 7. O-O Nc6 8. a3 Bxc3 9. bxc3 dxc4 10. Bxc4 Qc7 11. Bd3 e5 12. Ng3 cxd4 13. cxd4 exd4 14. exd4 Bg4 15. Qa4 Rad8 16. Bg5 Rxd4 17. Qb5 Rd5 0-1

[Event "November 21 Late 2023"]
[Site "https://www.chess.com"]
[Date "2023.11.21"]
[Round "5"]
[White "FuenfgegenWilly"]
[Black "DAVIDHDZSTS"]
[Result "1-0"]
[Board "102"]
[TimeControl "180+1"]
[WhiteElo "2487"]
[BlackElo "1865"]
[WhiteClock "0:01:16"]
[BlackClock "0:00:00"]

1. e4 c5 2. Na3 e6 3. c3 a6 4. d4 cxd4 5. cxd4 d5 6. exd5 exd5 7. Nf3 Nf6 8. Bd3 Bg4 9. O-O Be7 10. h3 Bh5 11. Nc2 O-O 12. Ne3 Nc6 13. g4 Bg6 14. Ne5 Nxe5 15. dxe5 Ne4 16. f4 f5 17. exf6 Nxf6 18. Bxg6 hxg6 19. g5 Ne4 20. Qxd5+ Qxd5 21. Nxd5 Bc5+ 22. Be3 Bxe3+ 23. Nxe3 Rad8 24. Rae1 Ng3 25. Rf2 Rd4 26. Ng2 Nf5 27. Rfe2 Rd3 28. Kh2 Nh4 29. Nxh4 1-0

[Event "November 21 Late 2023"]
[Site "https://www.chess.com"]
[Date "2023.11.21"]
[Round "5"]
[White "Wu, Derek"]
[Black "jactorres"]
[Result "0-1"]
[Board "103"]
[TimeControl "180+1"]
[WhiteFideId "30914558"]
[WhiteElo "2211"]
[BlackElo "2419"]
[WhiteTeam "USA"]
[WhiteClock "0:00:11"]
[BlackClock "0:00:13"]

1. e4 c6 2. d4 d5 3. e5 Bf5 4. h4 h5 5. Bd3 Qd7 6. Nf3 Nh6 7. Bg5 Bxd3 8. Qxd3 Nf5 9. Nc3 e6 10. Ne2 c5 11. c3 Nc6 12. O-O Be7 13. Ng3 Bxg5 14. Nxf5 Be7 15. Ne3 Qd8 16. g3 Qb6 17. dxc5 Bxc5 18. Ng2 O-O-O 19. b4 Be7 20. a4 Qc7 21. Rfe1 Kb8 22. a5 d4 23. a6 dxc3 24. Qb5 Rd5 25. Qa4 b6 26. Rac1 Nd4 27. Nxd4 Rxd4 28. Qb3 Rc8 29. b5 Qc4 30. Qd1 Rxd1 31. Rexd1 Rd8 32. Re1 Rd2 33. Ne3 Qd3 34. Kg2 Qe4+ 35. Kg1 Qf3 36. Rf1 Bb4 37. Rb1 Bc5 38. Rbe1 Bxe3 39. Rxe3 Qd5 40. Rxc3 Rd1 41. Rxd1 Qxd1+ 42. Kh2 Qe1 43. Kg2 Qe4+ 44. Rf3 f5 45. exf6 gxf6 46. g4 hxg4 0-1

[Event "November 21 Late 2023"]
[Site "https://www.chess.com"]
[Date "2023.11.21"]
[Round "5"]
[White "Gutkin, Ilya"]
[Black "Santos Flores, Alberto"]
[Result "0-1"]
[Board "104"]
[TimeControl "180+1"]
[WhiteFideId "16203470"]
[BlackFideId "3601234"]
[WhiteElo "2248"]
[BlackElo "2235"]
[WhiteTeam "GER"]
[BlackTeam "ECU"]
[WhiteClock "0:00:03"]
[BlackClock "0:00:56"]

1. e4 e6 2. d3 d5 3. Nc3 Nf6 4. g3 dxe4 5. dxe4 Qxd1+ 6. Kxd1 e5 7. Bc4 Bc5 8. f3 c6 9. Ke2 b5 10. Bb3 Nbd7 11. Be3 Bxe3 12. Kxe3 Nc5 13. Nge2 a5 14. a4 Nxb3 15. cxb3 b4 16. Nb1 Be6 17. Nd2 O-O-O 18. Rad1 Kc7 19. Nc1 Rd7 20. Nc4 Bxc4 21. bxc4 Rhd8 22. Rxd7+ Nxd7 23. Nb3 Nb6 24. Nxa5 Ra8 25. c5 Nxa4 26. Nc4 Nxc5 27. Nxe5 f6 28. Nd3 Nxd3 29. Kxd3 Rd8+ 30. Kc2 c5 31. Ra1 Kb6 32. b3 Rd4 33. Rd1 Rxd1 34. Kxd1 c4 35. bxc4 Kc5 36. Kc2 Kxc4 37. g4 g5 38. Kd2 b3 39. h4 gxh4 40. f4 h3 41. e5 fxe5 42. f5 Kd5 0-1

[Event "November 21 Late 2023"]
[Site "https://www.chess.com"]
[Date "2023.11.21"]
[Round "5"]
[White "Omariev, Maksim"]
[Black "Haszon, David"]
[Result "1-0"]
[Board "105"]
[TimeControl "180+1"]
[WhiteFideId "4193423"]
[BlackFideId "733610"]
[WhiteElo "2513"]
[BlackElo "2182"]
[WhiteTeam "RUS"]
[BlackTeam "HUN"]
[WhiteClock "0:00:11"]
[BlackClock "0:00:29"]

1. g4 a6 2. Bg2 c6 3. c4 b6 4. Nc3 d6 5. g5 e6 6. d4 h6 7. h4 g6 8. e4 Bb7 9. Be3 Nd7 10. Nge2 Bg7 11. Qd2 h5 12. f4 Ne7 13. O-O-O Qc7 14. Kb1 O-O 15. Ng3 b5 16. f5 exf5 17. exf5 Nxf5 18. Nxf5 gxf5 19. Bh3 bxc4 20. Bxf5 Rfe8 21. Rhf1 Nf8 22. Ne4 Qe7 23. Bf4 Qxe4+ 24. Bxe4 Rxe4 25. Ka1 Rxd4 26. Qe2 Rxd1+ 27. Qxd1 c3 28. Bc1 d5 29. Qxh5 Ng6 30. bxc3 c5 31. Bb2 d4 32. cxd4 cxd4 33. Qg4 Rd8 34. h5 Ne5 35. Qf5 Bd5 36. h6 Be6 37. Qf4 Bh8 38. Qe4 Bd5 39. Qf5 Be6 40. Qe4 Bd5 41. Qxd4 Rd7 42. h7+ Kf8 43. Qf4 Ng6 44. Qf5 Be6 45. Qf3 Bd5 46. Qf2 Be6 47. Bxh8 Nxh8 48. Qf6 Ng6 49. h8=Q+ Nxh8 50. Qxh8+ Ke7 51. Qf6+ Kd6 52. Rc1 Rb7 53. Rd1+ Kc6 54. Qe5 Rb5 55. Rc1+ Kb6 56. Qd4+ Ka5 57. Rc5 Kb6 58. Rxb5+ Kxb5 59. Qf6 Kc6 60. Kb2 Kd5 61. a3 a5 62. Kc3 a4 63. Qd4+ Kc6 64. Qxa4+ Kb6 65. Qd4+ 1-0

[Event "November 21 Late 2023"]
[Site "https://www.chess.com"]
[Date "2023.11.21"]
[Round "5"]
[White "Buchenau, Frank"]
[Black "Seletsky, Grigory"]
[Result "0-1"]
[Board "106"]
[TimeControl "180+1"]
[WhiteFideId "4604350"]
[BlackFideId "14112191"]
[WhiteElo "2157"]
[BlackElo "2482"]
[WhiteTeam "GER"]
[BlackTeam "UKR"]
[WhiteClock "0:00:00"]
[BlackClock "0:00:42"]

1. e4 c5 2. Nf3 e6 3. d4 cxd4 4. Nxd4 Nf6 5. Nc3 Bb4 6. e5 Nd5 7. Qg4 g6 8. Bd2 Nxc3 9. bxc3 Be7 10. Bd3 Nc6 11. Nxc6 dxc6 12. O-O h5 13. Qg3 Bh4 14. Qf3 Bd7 15. Rab1 Qc7 16. c4 Rd8 17. Rfe1 b6 18. c5 bxc5 19. Qf4 Be7 20. Qa4 Rb8 21. Rxb8+ Qxb8 22. c4 O-O 23. Bc3 Qa8 24. Qc2 Be8 25. f4 Kg7 26. f5 exf5 27. e6+ f6 28. Qe2 Qb8 29. Rb1 Qd6 30. Rb7 a6 31. Be1 f4 32. Bf2 f5 33. Qb2+ Kg8 34. Qc3 Qxe6 35. Qd2 Bd6 36. h4 Bf7 37. Be2 Rb8 38. Rxb8+ Bxb8 39. Qd8+ Qe8 40. Qf6 Be5 41. Qg5 Kg7 42. Bxc5 Qe6 43. Be7 Bd4+ 44. Kh1 Qxe2 0-1

[Event "November 21 Late 2023"]
[Site "https://www.chess.com"]
[Date "2023.11.21"]
[Round "5"]
[White "Zakarian, David"]
[Black "Martins, Bruno Andre Leite"]
[Result "1-0"]
[Board "107"]
[TimeControl "180+1"]
[WhiteFideId "13301276"]
[BlackFideId "1942255"]
[WhiteElo "2286"]
[BlackElo "2307"]
[WhiteTeam "ARM"]
[BlackTeam "POR"]
[WhiteClock "0:00:12"]
[BlackClock "0:00:00"]

1. f4 g6 2. Nf3 Bg7 3. e4 d6 4. Bc4 c5 5. c3 Nc6 6. O-O e6 7. d3 Nge7 8. Bb3 O-O 9. Qe1 d5 10. Nbd2 b6 11. Kh1 Ba6 12. Bc2 b5 13. e5 b4 14. c4 Nf5 15. Ba4 Bb7 16. Nb3 Qb6 17. g4 dxc4 18. gxf5 cxb3 19. f6 Bh8 20. Be3 Rad8 21. Bxb3 Rxd3 22. Bc4 Rd4 23. b3 Rfd8 24. Kg1 Rxc4 25. bxc4 Nd4 26. Bxd4 cxd4 27. Rc1 d3+ 28. c5 Qc6 29. Qe3 d2 30. Rcd1 Rd5 31. Rxd2 Rxd2 32. Qxd2 Qxc5+ 33. Qf2 Qc6 34. Qe3 h6 35. Qxa7 Kh7 36. Qe3 Qd5 37. Kf2 Qc6 38. Re1 Qd5 39. Re2 Ba6 40. Rd2 Qc4 41. Qe1 Qxf4 42. Rd7 g5 43. Qb1+ Qf5 44. Qxf5+ exf5 45. Rxf7+ Kg6 46. Ra7 Bc4 47. Ra4 1-0